 Dungeon Crawl Stone Soup version 0.26-a0-18-g135ff06667 (webtiles) character file.

Game seed: 16240623622182113283, levelgen mode: deterministic

1677 Mrkan the Cleaver (level 8, 0/71 HPs)
             Began as a Minotaur Fighter on May 25, 2020.
             Was a Believer of Okawaru.
             Slain by a gnoll sergeant
             ... wielding a +3 trident of venom
              (4 damage)
             ... on level 7 of the Dungeon.
             The game lasted 00:13:06 (6063 turns).

Mrkan the Cleaver (Minotaur Fighter)                Turns: 6063, Time: 00:13:07

Health: 0/71       AC: 16    Str: 20    XL:     8   Next: 70%
Magic:  7/7        EV:  4    Int:  5    God:    Okawaru [**....]
Gold:   331        SH: 10    Dex: 13    Spells: 7/7 levels left

rFire    . . .     SeeInvis .   a - +0 war axe
rCold    . . .     Gourm    .   c - +0 kite shield
rNeg     . . .     Faith    .   G - +0 plate armour
rPois    .         Spirit   .   (helmet restricted)
rElec    .         Reflect  .   (no cloak)
rCorr    .         Harm     .   s - +0 pair of gloves
MR       .....                  o - +1 pair of boots
Stlth    ..........             (no amulet)
HPRegen  0.21/turn              (no ring)
MPRegen  0.10/turn              (no ring)

@: mighty, lethally poisoned (0 -> -39)
A: retaliatory headbutt, horns 2
a: Heroism, Renounce Religion


You were on level 7 of the Dungeon.
You worshipped Okawaru.
Okawaru was pleased with you.
You were very hungry.

You visited 1 branch of the dungeon, and saw 7 of its levels.

You collected 331 gold pieces.

Inventory:

Hand Weapons
 a - a +0 war axe (weapon)
 w - the +5 dagger of Forced Transition {freeze, rElec rC- Int+4, unknown}
   (You found it on level 4 of the Dungeon)

   It has been specially enchanted to freeze those struck by it, causing extra
   injury to most foes and up to half again as much damage against particularly
   susceptible opponents.
   It can also slow down cold-blooded creatures.
   It affects your intelligence (+4).
   It makes you vulnerable to cold.
   It insulates you from electricity.
Missiles
 z - 7 atropa-tipped darts (quivered)
Armour
 c - a +0 kite shield (worn)
 m - a +1 scale mail of poison resistance
 o - a +1 pair of boots (worn)
 s - a +0 pair of gloves (worn)
 G - a +0 plate armour (worn)
Jewellery
 j - an uncursed ring of protection from fire {unknown}
Wands
 p - a wand of random effects (33)
 D - a wand of flame (21)
 E - a wand of iceblast (8)
Scrolls
 e - 3 scrolls of identify {unknown}
 l - a scroll of immolation {unknown}
 n - 2 scrolls of teleportation {unknown}
 q - a scroll of enchant weapon {unknown}
 v - 3 scrolls of fog {unknown}
 x - a scroll of amnesia {unknown}
 y - a scroll of blinking {unknown}
 B - a scroll of enchant armour {unknown}
 C - a scroll of silence {unknown}
 F - a scroll of noise {unknown}
Potions
 b - a potion of magic {unknown}
 g - 2 potions of invisibility {unknown}
 h - a potion of heal wounds {unknown}
 i - 2 potions of curing {unknown}
 k - a potion of mutation {unknown}
 r - a potion of flight {unknown}
 t - a potion of stabbing {unknown}
 u - 2 potions of berserk rage {unknown}
 H - a potion of degeneration {unknown}
Comestibles
 f - 8 rations


   Skills:
 + Level 6.9 Fighting
 * Level 8.8 Axes
 + Level 7.0 Armour
 + Level 6.9 Shields


You had 7 spell levels left.
You didn't know any spells.
Your spell library contained the following spells:

 Spells                   Type           Power        Failure   Level  Hunger
 Foxfire                  Conj/Fire      #...         100%        1    ##.....
 Conjure Flame            Conj/Fire      #.......     100%        3    ####...
 Inner Flame              Hex/Fire       #.......     100%        3    ####...
 Sticky Flame             Conj/Fire      #.......     100%        4    #####..
 Fireball                 Conj/Fire      #.........   100%        5    ######.


Dungeon Overview and Level Annotations

Branches:
Dungeon (7/15)             Temple (0/1) D:5

Altars:
Kikubaaqudgha
Okawaru
Sif Muna
Trog


Innate Abilities, Weirdness & Mutations

You reflexively headbutt those who attack you in melee.
You have a pair of horns on your head.


Message History

You feel very sick. The gnoll sergeant barely misses you.
You barely miss the gnoll sergeant. You headbutt the gnoll sergeant.
The gnoll sergeant is moderately wounded.
* * * LOW HITPOINT WARNING * * *
You feel very sick.
The gnoll sergeant hits you with a +3 trident of venom.
* * * LOW HITPOINT WARNING * * *
You are more poisoned.
You feel very mighty all of a sudden.
* * * LOW HITPOINT WARNING * * *
You feel very sick. You block the gnoll sergeant's attack.
You slash the gnoll sergeant!
Your headbutt misses the gnoll sergeant.
The gnoll sergeant is severely wounded.
* * * LOW HITPOINT WARNING * * *
You feel very sick.
The gnoll sergeant hits you with a +3 trident of venom.
You die...

#..........
#...g##.#.#
#..#.g.....
#.g##.#.#.#
#..# .# # .
#g.##.#<...
#..........
#####.###.#####
#..@gg.......
#.###.###.###
#.###.# #.....#
#.....# ##
##...## #.
#...##### #.
#.......## #.
##....#..#####
#.


You could see a gnoll sergeant and a gnoll.

Vanquished Creatures
  A hornet (D:7)
  An orc warrior (D:6)
  An ice beast (D:6)
  A phantom (D:5)
  An ogre (D:5)
  A big kobold (D:7)
  Blork the orc (D:4)
  3 howler monkeys (D:7)
  2 crimson imps
  A quasit (D:7)
  A jelly (D:7)
  6 orc wizards
  A centaur skeleton (D:7)
  An iguana (D:6)
  8 worker ants
  A hound skeleton (D:6)
  A worker ant zombie (D:5)
  10 adders
  6 gnolls
  2 shadow imps (D:5)
  5 worms
  3 dart slugs (D:1)
  3 leopard geckos
  14 orcs
  2 ball pythons (D:3)
  9 bats
  5 giant cockroaches
  12 goblins
  7 hobgoblins
  17 jackals
  A quokka (D:6)
  A ball python skeleton (D:4)
  6 frilled lizards
  9 kobolds
  A leopard gecko zombie (D:5)
  A quokka zombie (D:6)
  7 rats
  2 plants (D:1)
155 creatures vanquished.

Notes
Turn   | Place    | Note
-------+----------+-------------------------------------------
     0 | D:1      | Mrkan the Minotaur Fighter began the quest for the Orb.
     0 | D:1      | Reached XP level 1. HP: 19/19 MP: 0/0
    57 | D:1      | Reached XP level 2. HP: 27/27 MP: 1/1
   259 | D:1      | Reached skill level 3 in Axes
   942 | D:2      | Reached XP level 3. HP: 33/33 MP: 2/2
  1265 | D:2      | Found an iron altar of Okawaru.
  1272 | D:2      | Reached XP level 4. HP: 24/40 MP: 3/3
  1287 | D:2      | Became a worshipper of Warmaster Okawaru
  1840 | D:3      | Reached skill level 4 in Axes
  1940 | D:3      | Reached XP level 5. HP: 12/47 MP: 4/4
  2860 | D:3      | Reached skill level 5 in Axes
  3203 | D:4      | Reached XP level 6. HP: 47/55 MP: 5/5
  3222 | D:4      | Noticed Blork the orc
  3230 | D:4      | Killed Blork the orc
  3230 | D:4      | Reached skill level 5 in Fighting
  3230 | D:4      | Reached skill level 5 in Armour
  3230 | D:4      | Reached skill level 5 in Shields
  3472 | D:4      | Got an iridescent dagger
  3726 | D:4      | Found a shimmering blue altar of Sif Muna.
  3942 | D:5      | Entered Level 5 of the Dungeon
  3942 | D:5      | Found a staircase to the Ecumenical Temple.
  3963 | D:5      | Found a bloodstained altar of Trog.
  4053 | D:5      | Reached * piety under Okawaru
  4163 | D:5      | Reached skill level 6 in Axes
  4224 | D:5      | Reached XP level 7. HP: 60/61 MP: 6/6
  4942 | D:6      | Reached skill level 7 in Axes
  5124 | D:6      | Reached ** piety under Okawaru
  5134 | D:6      | Reached XP level 8. HP: 58/70 MP: 7/7
  5435 | D:7      | Noticed a hornet
  5449 | D:7      | Killed a hornet
  5449 | D:7      | Reached skill level 8 in Axes
  5992 | D:7      | Found an ancient bone altar of Kikubaaqudgha.
  6063 | D:7      | Slain by a gnoll sergeant

Illustrated notes

Levels and vault maps discovered:
D:1:      lightli_iron_boxes, layout_basic, hex_intersection,
          serial_bayou_lagoon_a, minmay_tripent
D:2:      layout_basic, serial_corexii_hall, chequers_hall_statues_corner_a,
          corexii_hall_statues_deadend, chequers_hall_statues_wall_a,
          chequers_serial_rivers_micro_c, okawaru_gym_becter
D:3:      layout_loops_ring, first_ration, serial_forest,
          infiniplex_forest_corner_2, infiniplex_forest_end_1,
          infiniplex_forest_end_2, infiniplex_forest_join,
          infiniplex_forest_clump_double
D:4:      layout_cave_pools, tgw_sif, uniq_blork_the_orc
D:5:      layout_loops_cross, temple_statues, grunt_ministairs_15, bloody_trog
D:6:      layout_cave_pools
D:7:      layout_basic, basic_altar

Skill      XL: |  1  2  3  4  5  6  7  8 |
---------------+-------------------------+-----
Axes           | 3 4 5 6 7 8 |  8.8
Fighting       | 4 5 6 |  6.9
Armour         | 4 5 6 7 |  7.0
Shields        | 4 5 6 |  6.9

Action                   |  1- 3 |  4- 6 |  7- 9 || total
-------------------------+-------+-------+-------++-------
Melee: War axe           |   125 |   185 |   164 ||   474
       Headbutt          |    20 |    32 |    42 ||    94
  Use: Potion            |       |       |     1 ||     1
  Eat: Chunk             |     1 |    10 |     5 ||    16
Armor: Scale mail        |    42 |    81 |    37 ||   160
       Plate armour      |       |       |    30 ||    30
Dodge: Dodged            |    27 |    64 |    38 ||   129
Block: Kite shield       |    51 |   123 |    81 ||   255

Table legend:
 A = Non-vault XP
 B = Vault XP
 C = Vault XP percentage of total XP
 D = Non-vault monster count
 E = Vault monster count
 F = Vault count percentage of total count
                 A         B        C        D         E       F
            +---------+---------+-------+---------+---------+-------
      Total |    2258 |     139 |   5.8 |     148 |       5 |   3.3
            +---------+---------+-------+---------+---------+-------
        D:1 |      35 |       3 |   7.9 |      19 |       2 |   9.5
        D:2 |      72 |       0 |   0.0 |      19 |       0 |   0.0
        D:3 |     231 |       0 |   0.0 |      43 |       0 |   0.0
        D:4 |     152 |     102 |  40.2 |      23 |       1 |   4.2
        D:5 |     499 |      34 |   6.4 |      14 |       2 |  12.5
        D:6 |     498 |       0 |   0.0 |      14 |       0 |   0.0
        D:7 |     771 |       0 |   0.0 |      16 |       0 |   0.0
            +---------+---------+-------+---------+---------+-------
